 Dungeon Crawl Stone Soup version 0.21-a0-630-g344d351 (webtiles) character file.

16 KristoblXynda the Charmwright (level 2, -1/14 HPs)
             Began as a Spriggan Skald on Dec 26, 2017.
             Slain by a goblin
             ... wielding a +3 dagger
              (4 damage)
             ... on level 1 of the Dungeon.
             The game lasted 00:01:41 (923 turns).

KristoblXynda the Charmwright (Spriggan Skald)       Turns: 923, Time: 00:01:42

Health: -1/14      AC:  2    Str:  7    XL:     2   Next: 41%
Magic:  6/7        EV: 19    Int: 14    God:
Gold:   45         SH:  0    Dex: 15    Spells: 6/7 levels left

rFire    . . .     SeeInvis +   a - +0 short sword
rCold    . . .     Gourm    .   (shield restricted)
rNeg     . . .     Faith    .   b - +0 robe
rPois    .         Spirit   .   (helmet restricted)
rElec    .         Reflect  .   (no cloak)
rCorr    .         Harm     .   (gloves unavailable)
MR       .....                  (boots unavailable)
Stlth    +.........             (no amulet)
HPRegen  0.04/turn              (no ring)
MPRegen  0.10/turn              (no ring)

@: infused, very quick
A: very small, unfitting armour, see invisible, herbivore, speed 3, slow
metabolism 2
a: no special abilities


You were on level 1 of the Dungeon.
You were not hungry.

You visited 1 branch of the dungeon, and saw 2 of its levels.

You collected 45 gold pieces.

Inventory:

Hand Weapons
 a - a +0 short sword (weapon)
Armour
 b - a +0 robe (worn)
Potions
 e - 2 potions of degeneration {unknown}
 f - a potion of lignification {unknown}
Books
 c - a book of Battle

   Spells                             Type                      Level
   a - Infusion                       Charms                       1
   b - Shroud of Golubria             Charms/Translocation         2
   c - Song of Slaying                Charms                       2
   d - Spectral Weapon                Hexes/Charms                 3
   e - Regeneration                   Charms/Necromancy            3
Comestibles
 d - a ration


   Skills:
 - Level 1.5 Fighting
 + Level 2.5 Short Blades
 + Level 3.9 Dodging
 + Level 3.1 Spellcasting
 + Level 4.7 Charms


You had 6 spell levels left.
You knew the following spells:

 Your Spells              Type           Power        Failure   Level  Hunger
a - Infusion              Chrm           ###.         3%          1    #......


Dungeon Overview and Level Annotations

Branches:
Dungeon (2/15)

Altars:


Innate Abilities, Weirdness & Mutations

You are very small and have problems with some larger weapons.
You are too small for most types of armour.
You have supernaturally acute eyesight. (SInv)
You are a herbivore.
You cover ground extremely quickly.
You need consume almost no food.


Message History

Magic restored.
Key pressed, stopping explore.
A goblin comes into view. It is wielding an enchanted dagger.
A goblin is nearby!
The goblin shouts!
You hit the goblin.
The goblin is moderately wounded.
The goblin hits you with an enchanted dagger!
Ouch! That really hurt!
* * * LOW HITPOINT WARNING * * *
You closely miss the goblin.
The goblin is moderately wounded.
The goblin barely misses you.
Casting: Infusion
Confirm with . or Enter, or press ? or * to list all spells.
You begin infusing your attacks with magical energy.
You barely miss the goblin.
The goblin is moderately wounded.
The goblin hits you with an enchanted dagger.
You die...

.....# #.......# .. #.#
###### #.......# #. #.#
#.......####.##.#
#.......[....)#.# ####
#.......###.#.#.# ...#
#######.# #.#...# ##.#
#######.###.##..####### #.#
.......g..............# #.#
.######@..#.#....####.# #.#
###.#.#....# #.# #.#.####.##
#.# ##........># #.#
##...########
################....########
###...###...####..#.........
##....###....###..##########
##....###....###..#


You could see a goblin.

Vanquished Creatures
  A dart slug (D:1)
  5 hobgoblins
  3 kobolds (D:1)
  3 bats (D:1)
  A rat (D:2)
13 creatures vanquished.

Vanquished Creatures (others)
  A hobgoblin (D:1)
1 creature vanquished.

Grand Total: 14 creatures vanquished

Notes
Turn   | Place    | Note
-------+----------+-------------------------------------------
     0 | D:1      | KristoblXynda the Spriggan Skald began the quest for the Orb.
     0 | D:1      | Reached XP level 1. HP: 10/10 MP: 5/5
    63 | D:1      | You fall through a shaft!
   298 | D:1      | Reached XP level 2. HP: 6/14 MP: 1/7
   923 | D:1      | Slain by a goblin

Vault maps used:
D:1:      tarquinn_simple_flora_water_a, hangedman_glass_teeth,
          lemuel_flame_loot_1

Skill      XL: |  1 |
---------------+----+-----
Spellcasting   | 3 |  3.1
Fighting       | |  1.5
Short Blades   | |  2.5
Dodging        | |  3.9
Charms         | |  4.7

Action                   || total
-------------------------++-------
Melee: Short sword       ||    45
 Cast: Infusion          ||     5
Armor: Robe              ||     4
Dodge: Dodged            ||    34

Table legend:
 A = Spawn XP
 B = Non-spawn XP
 C = Spawn XP percentage of total XP
 D = Spawn monster count
 E = Non-spawn monster count
 F = Spawn count percentage of total count
 G = Total turns spent on level
                    A         B        C        D         E        F      G
               +---------+---------+-------+---------+---------+-------+---------
         Total |       0 |      24 |   0.0 |       0 |      13 |   0.0 |   923
               +---------+---------+-------+---------+---------+-------+---------
           D:1 |       0 |      21 |   0.0 |       0 |      11 |   0.0 |   866
           D:2 |       0 |       3 |   0.0 |       0 |       2 |   0.0 |    57
               +---------+---------+-------+---------+---------+-------+---------
